 Dungeon Crawl Stone Soup version 0.22-a0-162-g33bf127 (webtiles) character file.

422 Amnesiac the Magician (level 6, -1/41 HPs)
             Began as a Mummy Earth Elementalist on Feb 12, 2018.
             Was an Initiate of Ashenzari.
             Slain by a hound (2 damage)
             ... on level 5 of the Dungeon.
             The game lasted 00:07:36 (4623 turns).

Amnesiac the Magician (Mummy Earth Elementalist)    Turns: 4623, Time: 00:07:37

Health: -1/41      AC:  4    Str: 11    XL:     6   Next: 63%
Magic:  6/12       EV: 12    Int: 17    God:    Ashenzari [......]
Gold:   149        SH:  0    Dex: 12    Spells: 1/13 levels left

rFire    . . .     SeeInvis .   l - +2 dagger (venom)
rCold    + . .     Gourm    .   (no shield)
rNeg     + + +     Faith    .   c - +0 robe
rPois    ∞         Spirit   .   o - +0 helmet
rElec    .         Reflect  .   (no cloak)
rCorr    .         Harm     .   (no gloves)
MR       .....                  h - +0 pair of boots
Stlth    ++........             (no amulet)
HPRegen  0.13/turn              t - ring of protection from fire (curse)
MPRegen  0.13/turn              p - ring of flight (curse)

@: very slightly contaminated
A: no food or potions, fire vulnerability, cold resistance 1, negative energy
resistance 3, torment resistance, unbreathing
a: Curse Item, Renounce Religion, Evoke Flight


You were on level 5 of the Dungeon.
You worshipped Ashenzari.
Ashenzari was noncommittal.
You were not hungry.

You visited 1 branch of the dungeon, and saw 5 of its levels.

You collected 149 gold pieces.

Inventory:

Hand Weapons
 l - a +2 dagger of venom (weapon)
Missiles
 b - 78 stones (quivered)
 r - 13 poisoned needles
Armour
 c - a +0 robe (worn)
 h - a +0 pair of boots (worn)
 m - a +0 shield
 o - a +0 helmet (worn)
Jewellery
 p - a cursed ring of flight (right hand)
 t - a cursed ring of protection from fire (left hand)
Wands
 q - a wand of enslavement (5)
Scrolls
 a - 2 scrolls of identify {!r, unknown}
 e - 2 scrolls of magic mapping {!r}
 f - 2 scrolls of enchant armour {!r, unknown}
 g - 4 scrolls of teleportation {!r, unknown}
 i - 3 scrolls of remove curse {!r}
 j - 2 scrolls of fog {!r, unknown}
 k - a scroll of fear {!r, unknown}
 n - a scroll of amnesia {!r, unknown}
 s - 2 scrolls of blinking {!r}
Books
 d - a book of Geomancy

   Spells                             Type                      Level
   a - Sandblast                      Earth                        1
   b - Passwall                       Transmutation/Earth          2
   c - Stone Arrow                    Conjuration/Earth            3
   d - Petrify                        Transmutation/Earth          4
   e - Lee's Rapid Deconstruction     Earth                        5


   Skills:
 - Level 1.0 Short Blades
 - Level 1.5 Dodging
 + Level 1.7 Stealth
 - Level 4.0 Spellcasting
 - Level 4.0 Transmutations
 - Level 4.0 Earth Magic


You had one spell level left.
You knew the following spells:

 Your Spells              Type           Power        Failure   Level  Hunger
a - Sandblast             Erth           ###...       3%          1    N/A
b - Passwall              Tmut/Erth      ###.......   4%          2    N/A
d - Lee's Rapid Deconstr  Erth           ###.......   63%         5    N/A
e - Petrify               Tmut/Erth      ###.....     30%         4    N/A

Dungeon Overview and Level Annotations

Branches:
Dungeon (5/15)
 Temple: D:4-7

Altars:
Ashenzari
Kikubaaqudgha


Innate Abilities, Weirdness & Mutations

You do not eat or drink.
Your flesh is vulnerable to fire.
You are immune to poison.
Your flesh is cold resistant. (rC+)
You are immune to negative energy. (rN+++)
You are immune to unholy pain and torment.
You can survive without breathing.


Message History

The bullfrog zombie hits you.
* * * LOW HITPOINT WARNING * * *
There is an escape hatch in the ceiling here.
The leopard gecko bites you.
* * * LOW HITPOINT WARNING * * *
A gnoll comes into view. It is wielding a flail.
The gnoll hits you with a flail.
* * * LOW HITPOINT WARNING * * *
The bullfrog zombie hits you.
* * * LOW HITPOINT WARNING * * *
You can't drink.
Really read
s - 4 scrolls labeled CABRE WOMPO {!r}?
Blink to where?
Press: ? - help, Dir - move target cursor
As you read the scroll labeled CABRE WOMPO {!r}, it crumbles to dust.
It was a scroll of blinking {!r}.
A howler monkey comes into view.
The howler monkey howls!
Really read
s - 3 scrolls of blinking {!r}?
Blink to where?
Press: ? - help, Dir - move target cursor
As you read the scroll of blinking {!r}, it crumbles to dust.
A hound comes into view.
The hound barks!
You hear an angry hiss.
Found a stone staircase leading down.
Casting: Passwall (safe; 4% risk of failure)
Confirm with . or Enter, or press ? or * to list all spells.
Aiming: Sandblast (safe; 3% risk of failure)
Press: ? - help, Shift-Dir - straight line, f - hound
Aim: a hound The blast of sand misses the hound.
b - 80 stones Unknown command.
Casting: Sandblast (safe; 3% risk of failure)
Confirm with . or Enter, or press ? or * to list all spells.
Aiming: Sandblast (safe; 3% risk of failure)
Press: ? - help, Shift-Dir - straight line, f/p - hound
Aim: a hound The blast of sand hits the hound.
The hound is lightly wounded.
b - 79 stones Unknown command.
Casting: Sandblast (safe; 3% risk of failure)
Confirm with . or Enter, or press ? or * to list all spells.
Aiming: Sandblast (safe; 3% risk of failure)
Press: ? - help, Shift-Dir - straight line, f/p - hound
Aim: a hound (lightly wounded)
The blast of sand hits the hound.
The hound is severely wounded.
b - 78 stones The hound closely misses you.
The hound bites you.
* * * LOW HITPOINT WARNING * * *
A frilled lizard comes into view.
Unknown command.
Casting: Sandblast (safe; 3% risk of failure)
Confirm with . or Enter, or press ? or * to list all spells.
Aiming: Sandblast (safe; 3% risk of failure)
Press: ? - help, Shift-Dir - straight line, f/p - hound
Aim: a hound (severely wounded)
You miscast Sandblast.
Nothing appears to happen.
The frilled lizard hisses angrily.
The howler monkey hoots and howls with incredible vigour!
The hound bites you.
You die...

.....<.### *,,**,,,,,,,,,*
.......g.# **.#*,...,,,,,*
......J#.# *.##....,,,,,*
.......#Z# *..#....,,,,,*
.......#.#######*.......,,,,,*
#....###.##....#*.......,,,,,*
#....# #.......##......l,,,,,*
#....* ####...h.........,,,,,*
#....* #.Z...@h......,,,,,*
*,,,,* ##........>...,,,,,*
*,,,,* ###...#######******
*,,,,* #...# *,,,,* #...#
****** #...# #...# #...# *,,,*


You could see a howler monkey, a hound, a bullfrog zombie and a frilled lizard.

Vanquished Creatures
  A centaur (D:4)
  A hound (D:5)
  2 worker ants (D:4)
  Robin (D:3)
  14 adders
  An adder skeleton (D:4)
  A worm (D:2)
  4 dart slugs
  2 leopard geckos
  4 orcs
  6 ball pythons
  3 giant cockroaches
  13 goblins
  14 hobgoblins
  16 jackals
  6 kobolds
  3 quokkas
  7 bats
  5 frilled lizards
  7 rats
111 creatures vanquished.

Notes
Turn   | Place    | Note
-------+----------+-------------------------------------------
     0 | D:1      | Amnesiac the Mummy Earth Elementalist began the quest for the Orb.
     0 | D:1      | Reached XP level 1. HP: 13/13 MP: 4/4
   482 | D:1      | Reached XP level 2. HP: 19/19 MP: 5/5
   486 | D:1      | Learned a level 2 spell: Passwall
  1065 | D:1      | Reached XP level 3. HP: 24/24 MP: 5/8
  1274 | D:2      | Reached skill level 1 in Short Blades
  1581 | D:2      | Reached skill level 1 in Transmutations
  1687 | D:2      | Found an ancient bone altar of Kikubaaqudgha.
  1691 | D:2      | Reached XP level 4. HP: 30/30 MP: 10/10
  1697 | D:2      | Learned a level 4 spell: Petrify
  2619 | D:3      | Noticed Robin
  3082 | D:3      | Killed Robin
  3082 | D:3      | Reached XP level 5. HP: 28/35 MP: 2/11
  3303 | D:4      | Learned a level 5 spell: Lee's Rapid Deconstruction
  3446 | D:4      | Noticed a centaur
  3458 | D:4      | Killed a centaur
  3464 | D:4      | Reached XP level 6. HP: 11/41 MP: 4/12
  3938 | D:3      | Found a shattered altar of Ashenzari.
  3952 | D:3      | Became a worshipper of Ashenzari the Shackled
  4566 | D:5      | Entered Level 5 of the Dungeon
  4617 | D:5      | HP: 2/41 [bullfrog zombie (4)]
  4622 | D:5      | HP: 1/41 [hound (1)]
  4623 | D:5      | Slain by a hound

Vault maps used:
D:1:      dpeg_arrival_rooms_with_view, glass_columns_c
D:2:      nicolae_overflow_hidden_temple, serial_forest,
          infiniplex_forest_zigzag_1, infiniplex_forest_straight_4,
          infiniplex_forest_corner_1, infiniplex_forest_straight_4,
          infiniplex_forest_corner_1, infiniplex_forest_end_1,
          infiniplex_forest_straight_2
D:3:      overflow_temple_1_default, minmay_snake_closets, uniq_robin
D:5:      kennysheep_mini, gammafunk_temple_overflow_wave, first_ration,
          uniq_edmund, uniq_menkaure, uniq_crazy_yiuf_cottage

Skill      XL: |  1  2  3  4  5  6 |
---------------+-------------------+-----
Earth Magic    | 3 4 |  4.0
Spellcasting   | 3 4 |  4.0
Short Blades   | 1 |  1.0
Transmutations | 1 2 3 4 |  4.0
Dodging        | |  1.5
Stealth        | |  1.7

Action                   |  1- 3 |  4- 6 || total
-------------------------+-------+-------++-------
Melee: Unarmed           |    64 |       ||    64
       Dagger            |    44 |   149 ||   193
Throw: Tomahawk          |       |     4 ||     4
       Stone             |       |     1 ||     1
 Cast: Sandblast         |    29 |    44 ||    73
       Passwall          |       |     6 ||     6
Invok: Curse Item        |       |     2 ||     2
  Use: Scroll            |       |     3 ||     3
 Stab: Sleeping          |     6 |     9 ||    15
Armor: Robe              |    15 |    39 ||    54
Dodge: Dodged            |    78 |   110 ||   188

Table legend:
 A = Spawn XP
 B = Non-spawn XP
 C = Spawn XP percentage of total XP
 D = Spawn monster count
 E = Non-spawn monster count
 F = Spawn count percentage of total count
 G = Total turns spent on level
                    A         B        C        D         E        F      G
               +---------+---------+-------+---------+---------+-------+---------
         Total |       0 |     604 |   0.0 |       0 |     111 |   0.0 |  4623
               +---------+---------+-------+---------+---------+-------+---------
           D:1 |       0 |      48 |   0.0 |       0 |      26 |   0.0 |  1218
           D:2 |       0 |      77 |   0.0 |       0 |      24 |   0.0 |  1095
           D:3 |       0 |     198 |   0.0 |       0 |      37 |   0.0 |   916
           D:4 |       0 |     225 |   0.0 |       0 |      17 |   0.0 |  1337
           D:5 |       0 |      56 |   0.0 |       0 |       7 |   0.0 |    57
               +---------+---------+-------+---------+---------+-------+---------
